 Dungeon Crawl Stone Soup version 0.28.0 (webtiles) character file.

Game seed: 5641434240183769916

126 bande the Covered (level 5, -1/33 HPs)
             Began as a Gargoyle Fighter on Feb 13, 2022.
             Slain by Grinder (2 damage)
             ... on level 3 of the Dungeon.
             The game lasted 00:03:26 (2337 turns).

bande the Covered (Gargoyle Fighter)                Turns: 2337, Time: 00:03:27

Health: -1/33      AC: 11    Str: 20    XL:     5   Next: 9%
Magic:  5/5        EV:  9    Int:  8    God:
Gold:   110        SH:  4    Dex: 11    Spells: 4/4 levels left

rFire   . . .      SeeInvis .   a - +0 war axe
rCold   . . .      Faith    .   c - +0 buckler
rNeg    + . .      Spirit   .   b - +0 scale mail
rPois   ∞          Reflect  .   (no helmet)
rElec   +          Harm     .   (no cloak)
rCorr   .          Rampage  .   (no gloves)
Will    .....                   (no boots)
Stlth   ..........              (no amulet)
HPRegen 0.11/turn               (no ring)
MPRegen 0.09/turn               (no ring)

@: no status effects
A: sickness immunity, AC +4, negative energy resistance 1, electricity
resistance, torment resistance 1, petrification resistance
a: no special abilities


You were on level 3 of the Dungeon.
You visited 1 branch of the dungeon, and saw 3 of its levels.

You collected 110 gold pieces.

Inventory:

Hand Weapons
 a - a +0 war axe (weapon)
Armour
 b - a +0 scale mail (worn)
 c - a +0 buckler (worn)
Potions
 d - a potion of might
 e - a potion of berserk rage
 f - a potion of lignification {unknown}
 g - a potion of magic
 h - 2 potions of heal wounds
 i - a potion of invisibility {unknown}
 j - a potion of flight {unknown}


   Skills:
 + Level 3.7 Fighting
 + Level 3.6 Axes
 + Level 4.0 Armour
 + Level 3.6 Shields


You had 4 spell levels left.
You didn't know any spells.
Your spell library contained the following spells:

 Spells                   Type           Power      Damage    Failure   Level
 Gell's Gravitas          Tloc           0%         N/A       99%         3
 Inner Flame              Hex/Fire       0%         N/A       99%         3
 Teleport Other           Tloc           0%         N/A       99%         3
 Cause Fear               Hex            0%         N/A       100%        4
 Dispersal                Tloc           0%         N/A       100%        6
 Discord                  Hex            0%         N/A       100%        8


Dungeon Overview and Level Annotations

Branches:
Dungeon (3/15)

Altars:

Annotations:
D:3 Grinder


Innate Abilities, Weirdness & Mutations

You are immune to sickness and miasma.
Your stone body is resilient. (AC +4)
You are immune to poison.
You resist negative energy. (rN+)
You are resistant to electric shocks. (rElec)
You are resistant to unholy torment.
You are immune to petrification.


Message History

Grinder is lightly wounded.
Grinder hits you but does no damage. Grinder hits you.
You writhe in agony.
You are too injured to fight recklessly!
You are too injured to fight recklessly!
You are too injured to fight recklessly!
You are too injured to fight recklessly!
You are too injured to fight recklessly!
You are too injured to fight recklessly!
You are too injured to fight recklessly!
You are too injured to fight recklessly!
You hit Grinder but do no damage.
Grinder is lightly wounded.
Grinder gestures at you.
You barely resist. You closely miss Grinder.
Grinder is lightly wounded.
Grinder gestures at you.
You barely resist. You slash Grinder!
Grinder is heavily wounded.
Grinder closely misses you. Grinder hits you.
You barely miss Grinder.
Grinder is heavily wounded.
Grinder barely misses you.
You slash Grinder!
Grinder is heavily wounded.
Grinder hits you.
* * * LOW HITPOINT WARNING * * *
You writhe in agony.
* * * LOW HITPOINT WARNING * * *
You hit Grinder.
Grinder is heavily wounded.
Grinder gestures at you. Pain shoots through your body!
* * * LOW HITPOINT WARNING * * *
Grinder closely misses you.
You closely miss Grinder.
Grinder is heavily wounded.
Grinder hits you.
You die...

#....# ####.#
#######.#
#.......#
###.#########
#...........#
#.#...#####.
#.###.# # #@#
#...5.#
#######


You could see Grinder.

Vanquished Creatures
  An iguana (D:3)
  3 adders
  A gnoll (D:1)
  A worm (D:2)
  5 endoplasms
  3 giant cockroaches
  8 goblins
  5 hobgoblins
  3 jackals (D:3)
  A quokka (D:2)
  9 ball pythons
  8 bats
  2 frilled lizards
  A kobold (D:1)
  7 rats
58 creatures vanquished.

Vanquished Creatures (collateral kills)
  A rat (D:2)
1 creature vanquished.

Grand Total: 59 creatures vanquished

Notes
Turn   | Place    | Note
-------+----------+-------------------------------------------
     0 | D:1      | bande the Gargoyle Fighter began the quest for the Orb.
     0 | D:1      | Reached XP level 1. HP: 14/14 MP: 1/1
   471 | D:1      | Reached XP level 2. HP: 16/19 MP: 2/2
   874 | D:1      | Reached XP level 3. HP: 17/23 MP: 3/3
  1599 | D:2      | Reached XP level 4. HP: 28/28 MP: 4/4
  2259 | D:3      | Reached skill level 4 in Armour
  2259 | D:3      | Reached XP level 5. HP: 26/33 MP: 5/5
  2321 | D:3      | Noticed Grinder
  2336 | D:3      | HP: 1/33 [Grinder/nerve-wracking pain (4)]
  2337 | D:3      | Slain by Grinder

Illustrated notes

Levels and vault maps discovered:
D:1:      dpeg_cavernosity, layout_basic
D:2:      layout_rooms, serial_bayou_crossing
D:3:      layout_basic, shapermc_ecumenical_altar_notcrosses,
          kennysheep_generic_room_16, uniq_jessica, uniq_grinder

Skill      XL: |  1  2  3  4 |
---------------+-------------+-----
Axes           | 2 3 |  3.6
Armour         | 4 |  4.0
Fighting       | |  3.7
Shields        | |  3.6

Action                   |  1- 3 |  4- 6 || total
-------------------------+-------+-------++-------
Melee: War axe           |   106 |    68 ||   174
  Use: Scroll            |     3 |     4 ||     7
Armor: Scale mail        |    65 |    45 ||   110
Dodge: Dodged            |    55 |    43 ||    98
Block: Buckler           |    31 |    14 ||    45
